 Dungeon Crawl Stone Soup version 0.29-a0-414-g5075937ec3 (webtiles) character file.

Game seed: 10718559250736184922

17 jfcaron the Charlatan (level 2, -2/23 HPs)
             Began as a Gnoll Artificer on May 16, 2022.
             Slain by a gnoll
             ... wielding a +0 flail
              (4 damage)
             ... on level 1 of the Dungeon.
             The game lasted 00:01:42 (942 turns).

jfcaron the Charlatan (Gnoll Artificer)              Turns: 942, Time: 00:01:43

Health: -2/23      AC:  3    Str: 11    XL:     2   Next: 62%
Magic:  2/2        EV:  9    Int: 10    God:
Gold:   26         SH:  0    Dex: 12    Spells: 2/2 levels left

rFire   . . .      SeeInvis .   k - +2 whip (pain)
rCold   . . .      Faith    .   (no shield)
rNeg    . . .      Spirit   .   b - +0 leather armour
rPois   .          Reflect  .   (no helmet)
rElec   .          Harm     .   (no cloak)
rCorr   .          Rampage  .   (no gloves)
Will    .....                   (no boots)
Stlth   ++........              (no amulet)
HPRegen 0.07/turn               j - ring of wizardry
MPRegen 0.08/turn               (no ring)

@: constricted
A: fangs 1, strong nose, distributed training
a: no special abilities


You were on level 1 of the Dungeon.
You visited 1 branch of the dungeon, and saw 1 of its levels.

You collected 26 gold pieces.

Inventory:

Hand Weapons
 g - a +0 dagger
 k - a +2 whip of pain (weapon)
Missiles
 f - 54 stones (quivered)
Armour
 b - a +0 leather armour (worn)
Jewellery
 j - a ring of wizardry (left hand)
Wands
 c - a wand of flame (10)
 d - a wand of charming (15)
 e - a wand of iceblast (9)
Scrolls
 h - a scroll of identify {unknown}
Potions
 a - a potion of flight {unknown}
 i - a potion of curing {unknown}


   Skills:
 + Level 2.5 Fighting
 + Level 0.5 Short Blades
 + Level 0.5 Long Blades
 + Level 0.5 Axes
 + Level 0.5 Maces & Flails
 + Level 0.5 Polearms
 + Level 0.5 Staves
 + Level 0.5 Slings
 + Level 0.5 Bows
 + Level 0.5 Crossbows
 + Level 0.5 Throwing
 + Level 4.5 Armour
 + Level 2.5 Dodging
 + Level 2.3 Stealth
 + Level 0.5 Shields
 + Level 0.5 Unarmed Combat
 + Level 0.5 Spellcasting
 + Level 0.3 Conjurations
 + Level 0.3 Hexes
 + Level 0.3 Summonings
 + Level 0.3 Necromancy
 + Level 0.3 Translocations
 + Level 0.3 Transmutations
 + Level 0.3 Fire Magic
 + Level 0.3 Ice Magic
 + Level 0.3 Air Magic
 + Level 0.3 Earth Magic
 + Level 0.3 Poison Magic
 + Level 0.6 Invocations
 + Level 6.5 Evocations


You had 2 spell levels left.
You didn't know any spells.
Your spell library was empty.

Dungeon Overview and Level Annotations

Branches:
Dungeon (1/15)

Altars:

Shops:
D:1 *


Innate Abilities, Weirdness & Mutations

You have very sharp teeth.
Your uncanny sense of smell can sniff out nearby items.
Your experience applies equally to all skills.


Message History

You can access your shopping list by pressing '$'.
You open the door.
There is an open door here.
You see here a +0 robe.
You open the door.
There is an open door here.
A gnoll comes into view. It is wielding a +0 flail.
The gnoll shouts!
A ball python comes into view.
You throw a stone. The stone closely misses the gnoll.
The stone barely misses the ball python.
You throw a stone. The stone closely misses the gnoll.
You throw a stone.
The stone hits the gnoll but does no damage.
You throw a stone. The stone closely misses the gnoll.
You throw a stone. The stone closely misses the gnoll.
You closely miss the gnoll. You bite the gnoll, but do no damage.
The gnoll hits you with a +0 flail. The ball python barely misses you.
The ball python misses you.
You hit the gnoll.
The gnoll is moderately wounded.
The ball python bites you but does no damage.
The ball python grabs you. The ball python constricts you.
The gnoll barely misses you.
You closely miss the ball python. The ball python bites you.
The ball python constricts you. The gnoll hits you with a +0 flail.
The ball python bites you. The ball python constricts you.
Unknown command.
You escape the ball python's grasp.
The gnoll attacks as you move away! The gnoll completely misses you.
You hit the ball python.
The ball python is severely wounded.
The gnoll hits you with a +0 flail.
* * * LOW HITPOINT WARNING * * *
The ball python barely misses you. The ball python grabs you.
The ball python constricts you.
* * * LOW HITPOINT WARNING * * *
The gnoll hits you with a +0 flail.
You die...

#.# ##... #.##### #.###(..
#.# #.##.... ∆ #.# #.##.(.#
#.# ###..#...# #.#####
#....#...# #...... #####
#.####...# ####.## #...###.#
#.gS# #.## #.......# #.@.#
#.## #...###.# #...# #.##
##.## #.####...# ..# #...
###.####....#...# #.# ####
#.....####..#...# #.# #
##.#.#.# ##'##...# #.#
#....#.###...#...# #.#
#..###.##....#...# #.#
##.....)#.....##'#####+###.#


You could see a gnoll and a ball python.

Vanquished Creatures
  A bat (D:1)
  An endoplasm (D:1)
  A giant cockroach (D:1)
  3 goblins (D:1)
  2 hobgoblins (D:1)
  2 kobolds (D:1)
  A quokka (D:1)
  2 ball pythons (D:1)
  A rat (D:1)
14 creatures vanquished.

Notes
Turn   | Place    | Note
-------+----------+-------------------------------------------
     0 | D:1      | jfcaron the Gnoll Artificer began the quest for the Orb.
     0 | D:1      | Reached XP level 1. HP: 17/17 MP: 1/1
   309 | D:1      | Reached XP level 2. HP: 23/23 MP: 2/2
   862 | D:1      | Found Femumma's General Store.
   942 | D:1      | HP: 3/23 [gnoll/+0 flail (6)]
   942 | D:1      | Slain by a gnoll

Illustrated notes

Levels and vault maps discovered:
D:1:      amcnicky_arrival_wind_blow, layout_loops_corners, serial_shops,
          nicolae_shop_crystal, nrook_uturn

Action                   || total
-------------------------++-------
Melee: Club              ||     9
       Dagger            ||    23
       Bite              ||     3
       Whip              ||     7
Throw: Stone             ||    44
Evoke: Wand              ||     5
Armor: Leather armour    ||     9
Dodge: Dodged            ||    26

Table legend: (Time is in decaauts)
 A = Elapsed time spent in this place.
 B = Non-inter-level travel time spent in this place.
 C = Inter-level travel time spent in this place.
 D = Time resting spent in this place.
 E = Time spent auto-exploring this place.
 F = Levels seen in this place.
 G = Mean time per level.
                   A        B        C        D        E       F      G
               +--------+--------+--------+--------+--------+-----+--------+
         Total |    946 |    946 |      0 |    152 |    659 |   1 |  946.0 |
       Dungeon |    946 |    946 |      0 |    152 |    659 |   1 |  946.0 |
               +--------+--------+--------+--------+--------+-----+--------+

Top non-repeatable levels by time:
     D:1: 946 daAuts
